AoeStats
← tomaslardizabal

Black Forest

505646925Analyzed
3v3 RM · 21d ago on Sep 10, 2026· 36m 37s· 6 players
Game mode
Random Map
Map size
Normal (6 player)
Population
200
Speed
Normal
Resources
Standard
Victory
Conquest
Starting age
Dark Age
Ending age
Imperial Age
RankedLock teamsTeams togetherTeam positionsShared explorationLock speedFull tech treeHidden civsTurbo modeCheats
Victory
Defeat
🇦🇷 Celts · Argentina
699
+11
🇫🇷 Bulgarians · France
652
+13
🇳🇴 Mapuche · Norway
632
+14
🇩🇪 Teutons · Germany
618
-14
🇮🇳 Turks · India
617
-13
🇨🇳 Chinese · China
534
-11
Lyx
11:56 Feudal Age
20:31 Castle Age
s1R1Us
14:19 Feudal Age
14:55 Double-Bit Axe
24:21 Castle Age
23:40 Stone Mining
26:22 Horse Collar
28:09 Forging
35:56 Fletching
36:24 Gold Mining
36:55 Thumb Ring
932618016
0:36 Loom
13:38 Feudal Age
14:07 Double-Bit Axe
14:07 Horse Collar
14:19 Gold Mining
14:20 Stone Mining
26:37 Castle Age
25:02 Arson
26:17 Padded Archer Armor
26:29 Forging
26:19 Scale Mail Armor
26:10 Fletching
32:40 Imperial Age
30:48 Wheelbarrow
29:59 Town Watch
30:41 Thumb Ring
29:57 Crossbowman
30:44 Squires
32:32 Leather Archer Armor
32:32 Chain Mail Armor
32:53 Iron Casting
32:14 Bodkin Arrow
34:46 Fortified Wall
kriber
1:20 Loom
17:17 Feudal Age
17:49 Double-Bit Axe
17:47 Horse Collar
25:45 Castle Age
23:55 Scale Barding Armor
24:13 Bloodlines
25:30 Forging
25:11 Fletching
25:17 Gold Mining
25:19 Stone Mining
27:26 Heavy Plow
27:40 Bow Saw
28:12 Gold Shaft Mining
28:14 Stone Shaft Mining
27:45 Caravan
31:15 Murder Holes
35:32 Stirrups
36:44 Iron Casting
Varg_1960
0:37 Loom
17:00 Feudal Age
19:00 Double-Bit Axe
28:47 Castle Age
27:41 Horse Collar
35:14 Pikeman
tomaslardizabal
0:47 Loom
10:37 Feudal Age
11:46 Double-Bit Axe
18:09 Castle Age
17:47 Gold Mining
19:24 Bow Saw
25:05 Pikeman
28:55 Ballistics
33:44 Fletching
33:55 Padded Archer Armor
Connection lost

Rejoining the realm…

Still unreachable

The connection could not be restored.

Session expired

The server has moved on; the page needs a fresh start.